Map: Golden Wall LE

Players

Dream - Winner!

  • Race: Terran Terran
  • League: Master
  • Spawn Location: 5:00

AfreecaDRG (DRG)

  • Race: Zerg Zerg
  • Spawn Location: 7:00

Event: War Chest Team League

VOD

Have the link to the VOD?

Description

Time

  • Played on: Aug. 2, 2020, 6:38 a.m.
  • Length: 16:39
Show
View Real Time Build Order
Export as new Build Order

Dream Terran - Winner!

Build Orders: Reaper Expand 

Get SALT Encoding   

  12  0:00  SCV  
  13  0:12  SCV  
  14  0:17  Supply Depot  
  14  0:24  SCV  
  15  0:38  SCV  
  15  0:40  Barracks  
  16  0:43  Refinery  
  16  0:50  SCV  
  17  1:02  SCV  
  18  1:15  SCV  
  19  1:26  Reaper  
  19  1:27  Orbital Command  
  20  1:40  Command Center  
  20  1:52  SCV  
  20  1:53  Supply Depot  
  21  1:58  Marine  
  22  2:04  SCV  
  22  2:07  Factory  
  23  2:16  SCV  
  23  2:21  Barracks Reactor  
  24  2:28  SCV  
  25  2:40  Command Center  
  25  2:41  SCV  
  26  2:51  Orbital Command  
  26  2:54  SCV  
  27  2:58  Starport  
  27  3:03  Refinery  
  27  3:06  SCV  
  28  3:14  Hellion x2  
  28  3:18  SCV x2  
  34  3:26  Refinery  
  34  3:30  SCV x2  
  36  3:37  Hellion x2  
  36  3:41  Fusion Core  
  40  3:42  SCV  
  40  3:44  SCV  
  42  3:52  Marine  
  42  3:54  SCV  
  44  3:56  SCV  
  44  3:57  Starport Tech Lab  
  44  3:58  Orbital Command  
  45  4:04  Hellion  
  45  4:06  SCV  
  45  4:09  Hellion, SCV  
  54  4:19  SCV  
  54  4:21  SCV  
  56  4:28  SCV  
  56  4:30  Battlecruiser  
  56  4:31  SCV  
  61  4:36  Supply Depot  
  61  4:49  Barracks Tech Lab  
  61  4:54  Supply Depot  
  61  4:58  SCV x3  
  64  5:03  Barracks, Factory Reactor  
  64  5:04  Barracks  
  64  5:10  Stimpack, SCV x2  
  64  5:11  Marine  
  68  5:15  Supply Depot  
  67  5:22  SCV  
  67  5:23  Orbital Command, SCV  
  67  5:24  Engineering Bay, Refinery  
  67  5:25  Engineering Bay  
  67  5:27  Supply Depot  
  69  5:28  Marine  
  69  5:34  SCV  
  69  5:35  SCV  
  72  5:42  Barracks  
  72  5:43  Barracks  
  72  5:45  Starport Reactor  
  72  5:46  Marine, SCV  
  74  5:51  Marine x2  
  74  5:55  Terran Infantry Armor Level 1, Terran Infantry Weapons Level 1  
  76  5:57  Supply Depot  
  76  5:58  SCV  
  76  5:59  SCV  
  78  6:04  Marine  
  78  6:08  Marine  
  78  6:10  SCV x2  
  78  6:12  Marine x2  
  78  6:14  Marine  
  78  6:16  SCV  
  82  6:20  Siege Tank  
  82  6:22  Supply Depot, SCV  
  86  6:26  SCV  
  86  6:27  Marine x2  
  86  6:28  SCV  
  86  6:30  Marine  
  86  6:31  Marine  
  85  6:32  Medivac  
  85  6:34  Medivac, SCV  
  85  6:38  SCV  
  85  6:39  Orbital Command  
  89  6:42  Marine  
  89  6:45  Marine x2  
  91  6:48  Marine  
  91  6:51  Marine  
  91  6:53  Siege Tank  
  93  6:59  Barracks Tech Lab  
  93  7:00  Barracks Tech Lab, Marine, Combat Shield  
  94  7:01  Supply Depot  
  94  7:02  Supply Depot  
  94  7:03  Marine, SCV x2  
  94  7:08  Medivac x2  
  101  7:14  Supply Depot, Armory, SCV  
  102  7:15  SCV  
  102  7:18  SCV  
  102  7:19  Marine  
  102  7:20  Marine x2  
  102  7:21  Marine  
  109  7:24  Marauder, Concussive Shells  
  109  7:25  Marauder  
  109  7:28  Refinery  
  112  7:33  SCV  
  112  7:34  Marine, SCV x2  
  111  7:37  Marine x2, Siege Tank  
  111  7:39  Medivac  
  117  7:47  Marine x2  
  117  7:48  Marauder  
  117  7:49  Marauder  
  123  7:52  Medivac  
  123  7:58  Supply Depot  
  125  8:03  Marauder  
  127  8:08  Terran Infantry Weapons Level 2  
  127  8:10  Marauder, Marine  
  127  8:11  Marine x3  
  133  8:13  Missile Turret x2  
  133  8:19  Marine  
  134  8:22  Terran Infantry Armor Level 2  
  134  8:24  Marine  
  135  8:34  Marauder, Marine x4  
  141  8:42  Supply Depot  
  141  8:46  Marauder, Supply Depot, Thor, Factory  
  149  8:53  Marine  
  149  8:54  Marine x2  
  149  9:00  Marine  
  149  9:01  Marine  
  149  9:03  Marauder  
  149  9:08  Marauder  
  145  9:11  Drilling Claws  
  145  9:14  Medivac x2  
  145  9:16  Command Center  
  149  9:18  Sensor Tower  
  149  9:22  Terran Vehicle And Ship Armor Level 1  
  149  9:23  Supply Depot  
  149  9:24  Marine x5  
  149  9:25  Marine  
  155  9:33  Marine  
  153  9:41  Marine  
  153  9:42  Marine x2  
  153  9:44  Thor  
  161  9:46  Factory Reactor  
  161  9:48  Marine  
  158  9:55  Marauder  
  158  9:56  Marauder x2  
  158  9:59  Supply Depot, Marine x2  
  156  10:13  Marine  
  143  10:17  Marauder x2, Marine x2  
  143  10:19  Marine x2  
  141  10:24  Medivac x2  
  145  10:30  Marine, Widow Mine x3  
  145  10:33  Planetary Fortress  
  145  10:35  Barracks, Marauder  
  154  10:37  Barracks  
  154  10:39  Barracks  
  154  10:43  Marine  
  154  10:44  Marine x3  
  154  10:45  Marauder  
  154  10:48  Marine  
  161  10:51  Missile Turret  
  161  10:52  Widow Mine  
  161  10:57  Marauder, Widow Mine x2  
  165  11:01  Marine  
  165  11:03  Marine x3  
  173  11:06  Missile Turret  
  173  11:08  Marine x2  
  173  11:11  Terran Infantry Weapons Level 3  
  175  11:12  Supply Depot  
  175  11:13  Widow Mine  
  175  11:18  Marine, Refinery  
  177  11:19  Marine, Widow Mine x2  
  177  11:21  Terran Infantry Armor Level 3, Marine  
  177  11:22  Marine x2  
  186  11:26  Marine  
  186  11:30  Command Center  
  186  11:37  Barracks Reactor, Barracks Tech Lab  
  186  11:38  Barracks Tech Lab  
  184  11:40  Marine  
  184  11:41  Marine x2  
  191  11:47  Widow Mine x3  
  191  11:51  Marine  
  191  11:52  Marauder x2  
  191  11:53  Marine  
  198  11:56  Marine  
  194  12:03  Marine  
  194  12:08  Widow Mine x2  
  194  12:09  Marauder, Marine x2, Widow Mine  
  176  12:18  Medivac x2  
  176  12:20  Marauder, Marine  
  176  12:21  Marine x3  
  176  12:22  Marauder  
  171  12:25  Marine  
  171  12:28  Marine  
  169  12:30  Widow Mine x3  
  169  12:36  Marine x2  
  169  12:44  Marine  
  169  12:45  Marauder x2, Marine x2  
  169  12:48  Medivac  
  179  12:51  Widow Mine x3  
  179  12:52  Marauder, Marine  
  178  13:08  Marauder  
  178  13:09  Marine  
  187  13:12  Widow Mine  
  187  13:13  Widow Mine x2  
  187  13:16  Command Center  
  187  13:19  Marauder, Marine  
  180  13:20  Marine x4  
  180  13:21  Marauder  
  180  13:26  SCV x2  
  179  13:30  SCV  
  179  13:34  Marine x2, Widow Mine x3  
  169  13:37  Marine  
  169  13:39  Marine  
  169  13:41  Marauder, Marine x2  
  167  13:42  Marauder, SCV  
  167  13:46  Planetary Fortress  
  167  13:47  Marine  
  170  13:50  Medivac x2  
  170  13:52  Marine  
  170  13:53  Marine  
  170  13:54  Marine  
  170  13:55  Widow Mine x3  
  183  13:58  Marauder x2, Marine  
  188  14:03  Marauder  
  188  14:05  SCV x3  
  188  14:08  Marine x3  
  188  14:18  Marine  
  188  14:22  Thor  
  193  14:28  Missile Turret  
  193  14:29  Barracks Reactor, Barracks Tech Lab  
  187  14:46  Widow Mine x2  
  187  14:50  SCV x3  
  187  14:51  SCV  
  195  14:54  Marauder x2  
  195  14:55  Barracks Reactor  
  191  15:23  Widow Mine x3  
  191  15:26  Medivac x2, Planetary Fortress  
  191  15:27  Marine x3  
  191  15:28  Marine x2  
  194  15:35  Missile Turret x2  
  194  15:36  Missile Turret  
  194  15:40  Sensor Tower  
  194  15:44  Widow Mine  
  194  15:45  Widow Mine x2  
  200  15:53  Marauder, Marine  
  199  15:57  Marine  
  198  16:06  Widow Mine  
  179  16:11  Marine  
  179  16:12  Marauder, Marine  
  179  16:13  Marauder x2, Marine x4  
  179  16:14  Marine  
  179  16:15  Marauder  
  179  16:17  Marine  
Show
View Real Time Build Order
Export as new Build Order

AfreecaDRG Zerg 

Build Orders: Hatch First, Muta Ling Bane 

Get SALT Encoding   

  12  0:00  Drone  
  13  0:11  Overlord  
  13  0:17  Drone  
  14  0:30  Drone x2  
  16  0:48  Hatchery  
  15  0:51  Drone  
  15  0:55  Drone  
  17  0:59  Drone  
  18  1:09  Extractor  
  17  1:15  Spawning Pool  
  16  1:19  Drone  
  16  1:21  Drone  
  18  1:28  Drone  
  19  1:38  Drone  
  20  1:48  Drone  
  21  2:01  Queen x2  
  21  2:02  Zergling x4  
  27  2:11  Drone  
  28  2:19  Hatchery  
  28  2:22  Overlord  
  27  2:25  Drone  
  28  2:39  Queen  
  28  2:41  Drone x3  
  33  2:46  Metabolic Boost  
  33  2:52  Overlord  
  33  2:55  Drone  
  33  2:56  Drone  
  35  2:59  Drone  
  35  3:04  Overlord  
  36  3:11  Drone x2  
  38  3:15  Drone x2  
  38  3:18  Queen  
  42  3:22  Overlord  
  42  3:27  Drone x2  
  42  3:33  Queen  
  46  3:36  Drone x2  
  46  3:40  Drone  
  49  3:44  Zergling x4  
  49  3:46  Overlord  
  49  3:48  Drone  
  52  3:50  Drone x2  
  52  3:53  Drone  
  55  3:58  Queen  
  55  4:00  Drone  
  58  4:03  Zergling x4  
  58  4:05  Drone x2  
  58  4:07  Drone  
  58  4:09  Drone  
  64  4:13  Queen  
  66  4:17  Overlord  
  66  4:18  Drone  
  66  4:22  Drone x3  
  66  4:23  Drone  
  71  4:27  Drone x2  
  71  4:28  Drone  
  74  4:31  Overlord  
  74  4:37  Drone x3  
  77  4:38  Drone  
  77  4:44  Drone x2  
  77  4:45  Spore Crawler  
  79  4:48  Lair, Roach Warren  
  79  4:49  Extractor  
  79  4:50  Extractor  
  75  4:54  Queen  
  75  4:55  Extractor x2  
  75  4:56  Spore Crawler  
  75  4:58  Spore Crawler  
  73  5:00  Drone x2  
  73  5:01  Drone  
  73  5:04  Spore Crawler  
  73  5:05  Drone x2  
  78  5:07  Drone  
  78  5:13  Drone x6  
  84  5:18  Drone x2  
  86  5:23  Evolution Chamber, Drone x2  
  86  5:26  Extractor  
  86  5:29  Drone x2  
  86  5:30  Drone  
  86  5:31  Overlord  
  86  5:35  Overlord  
  89  5:41  Overlord  
  89  5:47  Hatchery  
  86  5:56  Roach x6  
  98  6:01  Zergling x6  
  98  6:05  Zergling x8  
  97  6:15  Drone  
  97  6:18  Spire  
  95  6:19  Drone x3  
  95  6:21  Drone  
  95  6:22  Drone x2  
  101  6:26  Drone  
  101  6:27  Drone  
  101  6:28  Drone x2  
  101  6:30  Drone  
  101  6:37  Drone  
  101  6:38  Overlord  
  102  6:43  Drone x2  
  100  6:49  Drone x2  
  100  6:50  Evolution Chamber  
  100  6:51  Zerg Ground Armor Level 1  
  98  6:54  Drone x3  
  98  6:57  Drone x2  
  98  6:59  Overlord  
  103  7:05  Drone x2  
  103  7:07  Baneling Nest  
  104  7:09  Overlord  
  104  7:13  Overlord  
  104  7:16  Zergling x12  
  104  7:19  Zerg Melee Weapons Level 1  
  104  7:20  Ravager x6  
  116  7:23  Zergling x8  
  116  7:25  Overlord  
  116  7:27  Overlord  
  118  7:39  Mutalisk  
  118  7:40  Mutalisk x7  
  118  7:41  Zerg Flyer Weapons Level 1  
  131  7:47  Mutalisk x2  
  131  7:49  Zergling x2  
  136  7:55  Zergling x8, Centrifical Hooks  
  140  7:58  Zergling x10  
  140  8:02  Overlord  
  140  8:03  Zergling x8  
  149  8:08  Overlord  
  149  8:13  Mutalisk  
  149  8:14  Mutalisk x2  
  149  8:16  Drone x2  
  157  8:23  Mutalisk x2  
  157  8:26  Drone x6  
  167  8:28  Drone x3  
  167  8:29  Drone x2  
  172  8:37  Extractor  
  172  8:40  Zergling x8  
  175  8:41  Baneling x9  
  175  8:42  Baneling x3  
  175  8:49  Overlord  
  175  8:54  Zergling x18  
  175  8:55  Zergling x2  
  170  9:05  Queen  
  170  9:07  Mutalisk x4  
  170  9:09  Zergling x8  
  180  9:18  Overlord  
  180  9:19  Overlord  
  180  9:23  Zerg Melee Weapons Level 2  
  180  9:26  Hatchery  
  178  9:31  Zergling x2  
  178  9:32  Zergling x8  
  174  9:38  Zergling x10  
  174  9:39  Zergling x4  
  174  9:43  Baneling x13  
  181  9:48  Zergling x12  
  181  9:52  Mutalisk x2  
  183  9:58  Zerg Flyer Weapons Level 2  
  183  10:01  Infestation Pit  
  183  10:03  Baneling x3  
  178  10:08  Zergling x12  
  176  10:20  Mutalisk x3  
  160  10:21  Zergling x10  
  160  10:22  Zergling x10  
  160  10:28  Baneling x6  
  167  10:30  Zergling x16  
  167  10:35  Mutalisk  
  175  10:37  Zergling x6  
  175  10:42  Queen  
  180  10:45  Zergling x4  
  180  10:46  Pneumatized Carapace  
  180  10:47  Overseer x2  
  184  10:50  Zergling x10  
  184  10:52  Overlord x2  
  184  10:55  Hive  
  189  11:04  Spore Crawler  
  189  11:08  Baneling x11  
  188  11:12  Zergling x18  
  197  11:21  Zergling x4  
  197  11:22  Hatchery  
  198  11:32  Zergling x4  
  192  11:42  Zergling x16  
  192  11:46  Baneling x8  
  192  11:47  Baneling x3  
  200  11:51  Spore Crawler  
  199  11:58  Zergling x14  
  199  11:59  Baneling  
  199  12:00  Baneling x5  
  199  12:06  Zergling x14, Overseer  
  172  12:20  Drone x2  
  172  12:21  Drone x6  
  156  12:22  Mutalisk  
  156  12:23  Mutalisk x5  
  156  12:27  Drone x6  
  156  12:28  Drone x6  
  170  12:34  Zerg Flyer Weapons Level 3  
  166  12:38  Drone  
  166  12:39  Drone x3  
  166  12:43  Zergling x14  
  173  12:47  Baneling  
  173  12:50  Baneling x5  
  173  12:53  Zergling x20  
  183  13:03  Zergling x6  
  181  13:08  Zergling x4  
  181  13:12  Baneling  
  181  13:14  Zerg Ground Armor Level 2  
  181  13:15  Zerg Melee Weapons Level 3  
  170  13:20  Zergling x14  
  172  13:27  Zergling x10  
  172  13:30  Baneling x2  
  172  13:32  Zergling x2  
  154  13:40  Zergling x14  
  150  13:42  Baneling x9  
  150  13:46  Zergling x16  
  150  13:48  Baneling x3  
  158  13:52  Spore Crawler  
  151  13:56  Zergling x8  
  151  13:58  Overseer  
  151  13:59  Baneling x5  
  155  14:05  Zergling x10  
  158  14:11  Drone x3  
  158  14:12  Drone x2, Ultralisk Cavern  
  162  14:19  Zergling x14  
  162  14:20  Zergling x4  
  162  14:23  Baneling  
  162  14:24  Baneling x7  
  167  14:29  Drone x4  
  167  14:31  Mutalisk x2  
  171  14:39  Baneling  
  171  14:40  Baneling x3, Zergling x2  
  171  14:41  Zergling x18  
  171  14:43  Drone  
  171  14:45  Spore Crawler  
  168  14:53  Zergling x10, Queen  
  168  14:59  Drone  
  175  15:00  Drone  
  175  15:12  Drone  
  175  15:13  Drone x3  
  175  15:14  Drone x3  
  163  15:28  Ultralisk  
  163  15:29  Ultralisk  
  163  15:31  Drone x2  
  163  15:34  Corruptor  
  179  15:38  Baneling x4  
  179  15:42  Overseer  
  174  15:57  Zergling x6  
  174  15:58  Zergling x14  
  174  15:59  Zergling x16  
  182  16:06  Baneling x10  
  164  16:14  Zergling x14  
  167  16:20  Zergling x10  
Tags
 
Add a new tag
Caveats
  • Supply blocks, unpowered buildings, or Contaminate may cause inaccurate times.
  • Supply counts are checked every 10 seconds.